 Dungeon Sprint DCSS version 0.31-a0-844-gdc52ec4e09 (webtiles) character file.

Game seed: 2884710450275065372

0 sircluck the Ruffian (level 1, -3/33 HPs)
             Began as a Troll Berserker on Sept 28, 2023.
             Was a Follower of Trog.
             Slain by a dream sheep (6 damage)
             ... in the Dungeon (Sprint VII: "The Pits").
             The game lasted 00:00:06 (19 turns).

sircluck the Ruffian (Troll Berserker)                Turns: 19, Time: 00:00:07

Health: -3/33      AC:  4    Str: 24    XL:     1   Next: 0%
Magic:  0/0        EV: 10    Int:  3    God:    Trog [*.....]
Gold:   0          SH:  0    Dex:  9    Spells: 0/0 levels left

rFire   . .          .
                       - Unarmed
rCold   . . .        (no shield)
rNeg    . . .        a - +0 animal skin
rPois   .            (helmet restricted)
rElec   .            (no cloak)
rCorr   .            (gloves unavailable)
SInv    .            (boots unavailable)
Will    .....        (no amulet) Stlth
                     (no ring)
HPRegen 1.05/turn    (no ring)
MPRegen 0.07/turn

%: no teleportation
@: berserking, very quick
A: large, unfitting armour, claws 3, regeneration 1, shaggy fur 1, tough skin 1
a: Renounce Religion, Berserk


You were in the Dungeon.
You worshipped Trog.
Trog was aware of your devotion.
You visited 1 branch

Inventory:

Armour
 a - a +0 animal skin (worn)
Scrolls
 g - a scroll of blinking
Potions
 b - a potion of curing
 c - a potion of heal wounds
 d - a potion of haste
 e - 2 potions of magic
 f - a potion of berserk rage


   Skills:
 + Level 2.4 Fighting
 + Level 2.4 Dodging
 + Level 3.0 Unarmed Combat


You couldn't memorise any spells.
You didn't know any spells.
Your spell library was empty.

Dungeon Overview and Level Annotations

Branches:
Dungeon (1/1)

Altars:

Annotations:
D Prince Ribbit


Innate Abilities, Weirdness & Mutations

You are too large for most types of armour.
You have claws for hands.
Your natural rate of healing is unusually fast.
You are covered in fur. (AC +1)
You have tough skin. (AC +1)


Message History

Trog says: Kill them all!
Press ? for a list of commands and other information.
Found a staircase leading out of the dungeon.
You open the door.
There is an open door to the Entrance Hall (Safe) here.
As you open the huge gate, it creaks loudly! 2 dream sheep come into view.
The dream sheep bleats! x2
Prince Ribbit comes into view.
A dream sheep comes into view.
Prince Ribbit gives a loud, deep croak!
The dream sheep bleats!
You hear a bleat!
A dream sheep comes into view.
The dream sheep shake their wool and sparkle.
You feel drowsy...
You fall asleep.
A dream sheep comes into view.
The dream sheep bleats!
A ball python comes into view.
Prince Ribbit blinks!
A dream sheep comes into view.
The dream sheep bites you!
You wake up.
Ouch! That really hurt!
Unknown command.
Unknown command.
Unknown command.
Unknown command.
A red film seems to cover your vision as you go berserk!
You feel yourself moving faster!
You feel mighty!
The ball python hisses angrily.
Prince Ribbit closely misses you.
The dream sheep bleats!
You scratch the dream sheep.
The dream sheep is moderately wounded.
Prince Ribbit hits you!
* * * LOW HITPOINT WARNING * * *
You mangle the dream sheep!!
You kill the dream sheep!
Trog accepts your kill.
Prince Ribbit blinks!
The dream sheep bites you.
You die...

##########++######
#................#
#......#..#......#
#..........F.....+
+................+
#......#.ยง#......#
#........@.......#
####'#####Y'######
#.......##YY#
#.......##.S#
#.......##..#
#...<...##.Y#
#.......##Y.#
#.......##..#
#.......#


You could see Prince Ribbit, 5 dream sheep and a ball python.

Vanquished Creatures
  A dream sheep (D)
1 creature vanquished.

Notes
Turn   | Place    | Note
-------+----------+-------------------------------------------
     0 | D        | sircluck the Troll Berserker began the quest for the Orb.
     0 | D        | Reached XP level 1. HP: 22/22 MP: 0/0
    11 | D        | Noticed a dream sheep
    11 | D        | Noticed a dream sheep
    11 | D        | Noticed Prince Ribbit
    11 | D        | Noticed a dream sheep
    12 | D        | Noticed a dream sheep
    13 | D        | Noticed a dream sheep
    15 | D        | Noticed a dream sheep
    19 | D        | Killed a dream sheep
    19 | D        | Slain by a dream sheep

Illustrated notes

Levels and vault maps discovered:
D:        pitsprint [storerooms_1, entrance_room_1, metal_vault_3, armoury_3,
          mini_pit_1, grid_room_1, main_hall_1, silver_pit, the_coven_1,
          the_vestibule_1, steel_vault_2, golden_pit, hallway_of_sentries,
          crystal_vault_3, iron_vault_5, final_vault]

Action                     || total
---------------------------++-------
  Melee: Unarmed           ||     2
 Invoke: Berserk           ||     1
 Armour: Animal skin       ||     3
  Dodge: Dodged            ||     1

Table legend: (Time is in decaauts)
 A = Elapsed time spent in this place.
 B = Non-inter-level travel time spent in this place.
 C = Inter-level travel time spent in this place.
 D = Time resting spent in this place.
 E = Time spent auto-exploring this place.
 F = Levels seen in this place.
 G = Mean time per level.
                   A        B        C        D        E       F      G
               +--------+--------+--------+--------+--------+-----+--------+
         Total |     18 |     18 |      0 |      0 |     11 |   1 |   18.0 |
       Dungeon |     18 |     18 |      0 |      0 |     11 |   1 |   18.0 |
               +--------+--------+--------+--------+--------+-----+--------+

Top non-repeatable levels by time:
       D: 18 daAuts
